 Dungeon Crawl Stone Soup version 0.26.1-2-gb8aa6d0cf2 (webtiles) character file.

Game seed: 10962709052078899707

681 Descartes the Magician (level 7, 0/38 HPs)
             Began as a Deep Elf Wanderer on Mar 13, 2021.
             Killed from afar by Sigmund (9 damage)
             ... with a magic dart
             ... on level 4 of the Dungeon.
             The game lasted 00:18:08 (7750 turns).

Descartes the Magician (Deep Elf Wanderer)          Turns: 7750, Time: 00:18:08

Health: 0/38       AC:  3    Str: 10    XL:     7   Next: 34%
Magic:  14/16      EV: 10    Int: 18    God:
Gold:   257        SH:  0    Dex: 14    Spells: 6/16 levels left

rFire    + . .     SeeInvis .   y - +0 dagger (curse)
rCold    . . .     Faith    .   (no shield)
rNeg     . . .     Spirit   .   w - +0 leather armour
rPois    .         Reflect  .   (no helmet)
rElec    .         Harm     .   (no cloak)
rCorr    .         Rampage  .   (no gloves)
Will     .....                  (no boots)
Stlth    ++........             (no amulet)
HPRegen  0.12/turn              A - ring of stealth
MPRegen  0.15/turn              a - ring of protection from fire

@: no status effects
A: no striking features
a: no special abilities


You were on level 4 of the Dungeon.
You visited 1 branch of the dungeon, and saw 5 of its levels.

You collected 257 gold pieces.

Inventory:

Hand Weapons
 v - a +2 vorpal mace
 y - a cursed +0 dagger (weapon)
 z - a +0 long sword
Missiles
 d - 3 boomerangs
 e - 241 stones (quivered)
 f - 40 arrows
 n - 32 bolts
Armour
 w - a +0 leather armour (worn)
Jewellery
 a - a ring of protection from fire (right hand)
 b - a +6 ring of dexterity
 p - an uncursed ring of ice
 A - a ring of stealth (left hand)
Wands
 t - a wand of flame (19)
Scrolls
 i - 3 scrolls of random uselessness {unknown}
 k - 3 scrolls of remove curse {unknown}
 l - a scroll of blinking {unknown}
 m - 2 scrolls of magic mapping {unknown}
 r - a scroll of fog {unknown}
 s - a scroll of amnesia {unknown}
 u - 2 scrolls of teleportation {unknown}
 x - 2 scrolls of enchant weapon {unknown}
 B - a scroll of identify
Potions
 c - a potion of heal wounds
 g - 3 potions of curing
 h - a potion of resistance {unknown}
 j - 2 potions of might
 o - a potion of lignification
 q - a potion of haste


   Skills:
 - Level 1.5 Fighting
 - Level 1.0 Short Blades
 - Level 1.2 Stealth
 - Level 5.0 Spellcasting
 + Level 4.7 Conjurations
 - Level 3.0 Transmutations
 - Level 5.0 Poison Magic
 + Level 4.2 Evocations


You had 6 spell levels left.
You knew the following spells:

 Your Spells              Type           Power        Failure   Level
a - Sting                 Tmut/Pois      72%          3%          1
b - Magic Dart            Conj           84%          2%          1
c - Poisonous Vapours     Pois/Air       26%          10%         2
d - Mephitic Cloud        Conj/Pois/Air  16%          14%         3
e - Ignite Poison         Fire/Tmut/Pois 14%          19%         3

Your spell library contained the following spells:

 Spells                   Type           Power        Failure   Level
 Animate Skeleton         Necr           8%           19%         1
 Conjure Flame            Conj/Fire      13%          21%         3
 Olgreb's Toxic Radiance  Pois           22%          22%         4
 Vampiric Draining        Necr           2%           47%         3


Dungeon Overview and Level Annotations

Branches:
Dungeon (5/15)
 Temple: D:4-7

Altars:

Annotations:
D:4 3 runed translucent doors, Sigmund; toph's ghost, novice OgIE


Message History

Sigmund points at you and mumbles some strange words.
You easily resist.
Sigmund casts a spell at you. The magic dart hits you.
Sigmund drinks a potion.
Sigmund is healed!
Sigmund looks more healthy.
You're too confused to cast spells.
Unknown command.
You're too confused to cast spells.
Unknown command.
Sigmund gestures at you while chanting. The magic dart hits you!
You're too confused to cast spells.
Unknown command.
Sigmund gestures at you while chanting. The magic dart hits you.
* * * LOW HITPOINT WARNING * * *
You feel less confused. Sigmund casts a spell at you. The magic dart hits you!
You die...

#.###############.# #.# #.# #.#
#.# #.# #.# #####.# #.# ....#.#
#.###### ###.#.# ###########
#.#....#
###.#.###...#.....###.#.##.#
........+.......@....>#.##.######
###.#.###...#...............)....
#.#.###..........##.#.###.#####
#................##.#.# #.#
####...####...<.........# #.#
.......# #........##.### #.#
.###...# #........##.# #.# .#
#...# #@#########.# #.# ## #...#
#..@..#.....#####.#


You could see Sigmund.

Vanquished Creatures
  2 ogres (D:4)
  A scorpion (D:4)
  2 hounds (D:4)
  An orc priest (D:3)
  2 bullfrog skeletons (D:4)
  Terence (D:2)
  An orc wizard (D:4)
  3 worker ants (D:4)
  8 adders
  A shadow imp (D:4)
  An ufetubus (D:4)
  An adder skeleton (D:4)
  2 worms
  2 dart slugs
  A leopard gecko (D:1)
  8 orcs
  2 giant cockroaches
  11 goblins
  9 hobgoblins
  6 jackals
  3 quokkas
  2 ball pythons
  9 bats
  7 frilled lizards
  7 kobolds
  A leopard gecko skeleton (D:4)
  11 rats
105 creatures vanquished.

Notes
Turn   | Place    | Note
-------+----------+-------------------------------------------
     0 | D:1      | Descartes the Deep Elf Wanderer began the quest for the
                  | Orb.
     0 | D:1      | Descartes set off with the following items: a +0 dagger, a
                  | +0 robe; and the following spells available to memorise:
                  | Sting, Animate Skeleton, Magic Dart, Poisonous Vapours,
                  | Ignite Poison, Mephitic Cloud, Conjure Flame, Vampiric
                  | Draining, Olgreb's Toxic Radiance
     0 | D:1      | Reached XP level 1. HP: 12/12 MP: 7/7
     2 | D:1      | Learned a level 1 spell: Sting
     4 | D:1      | Learned a level 1 spell: Magic Dart
   405 | D:1      | Reached XP level 2. HP: 16/16 MP: 4/9
   563 | D:1      | Reached skill level 1 in Conjurations
   647 | D:1      | Reached skill level 1 in Transmutations
  1017 | D:1      | Reached XP level 3. HP: 12/20 MP: 0/11
  1403 | D:1      | Learned a level 2 spell: Poisonous Vapours
  1407 | D:1      | Learned a level 3 spell: Mephitic Cloud
  1411 | D:1      | Learned a level 3 spell: Ignite Poison
  1857 | D:2      | Reached skill level 5 in Spellcasting
  2321 | D:2      | Reached XP level 4. HP: 23/25 MP: 5/13
  2579 | D:2      | Noticed Terence
  2636 | D:2      | Killed Terence
  3836 | D:3      | Reached XP level 5. HP: 29/29 MP: 5/14
  5871 | D:4      | Reached XP level 6. HP: 34/34 MP: 11/15
  6617 | D:4      | Reached XP level 7. HP: 31/38 MP: 11/16
  6901 | D:4      | Reached skill level 5 in Poison Magic
  7062 | D:4      | Found a runed translucent gate.
  7062 | D:4      | Found a runed translucent gate.
  7062 | D:4      | Found a runed translucent gate.
  7063 | D:4      | Noticed toph's ghost (novice OgIE)
  7476 | D:5      | Entered Level 5 of the Dungeon
  7693 | D:5      | Noticed Sigmund
  7750 | D:4      | Killed from afar by Sigmund

Illustrated notes

Levels and vault maps discovered:
D:1:      saegor_arrival_simple_d, layout_loops_ring, minmay_cupped
D:2:      layout_basic, uniq_terence
D:3:      layout_loops_ring, roderic_cross_of_infinity
D:4:      minmay_spotlight, layout_basic, gammafunk_ghost_necromancy
D:5:      layout_loops_ring, riverfiend_overflow_shadow_ancestor, basic_altar,
          serial_shops, shop_scrolls, tgw_fedhas, uniq_sigmund

Skill      XL: |  1  2  3  4  5  6  7 |
---------------+----------------------+-----
Conjurations   | 1 2 3 4 |  4.7
Transmutations | 1 2 3 |  3.0
Spellcasting   | 5 |  5.0
Poison Magic   | 3 4 5 |  5.0
Evocations     | 2 3 4 |  4.2
Fighting       | |  1.5
Short Blades   | |  1.0
Stealth        | |  1.2

Action                   |  1- 3 |  4- 6 |  7- 9 || total
-------------------------+-------+-------+-------++-------
Melee: Dagger            |     3 |       |       ||     3
 Cast: Magic Dart        |    82 |   118 |     9 ||   209
       Sting             |    21 |    69 |    27 ||   117
  Use: Potion            |       |     1 |     1 ||     2
       Scroll            |       |     4 |       ||     4
Armor: Robe              |     2 |     6 |       ||     8
       Leather armour    |       |     3 |     7 ||    10
Dodge: Dodged            |    16 |    28 |    19 ||    63
